 Dungeon Crawl Stone Soup version 0.17-a0-1642-gd4b747b (webtiles) character file.

1632614 urechis the Conqueror (level 27, 194/199 HPs)
             Began as a Gargoyle Fighter on Aug 8, 2015.
             Was a High Priest of Trog.
             Escaped with the Orb
             ... and 3 runes!
             The game lasted 05:00:13 (83066 turns).

urechis the Conqueror (Gargoyle Fighter)           Turns: 83066, Time: 05:00:13

Health: 194/199    AC: 53    Str: 36    XL:     27
Magic:  36/36      EV: 15    Int: 14    God:    Trog [*****.]
Gold:   7338       SH: 30    Dex: 17    Spells: 0 memorised, 26 levels left

rFire  + + .     SeeInvis +     a - +9 eveningstar (flame)
rCold  + + .     Clarity  .     o - +0 gold dragon armour
rNeg   + + .     SustAt   .     c - +2 large shield
rPois  ∞         Gourm    .     v - +2 hat
rElec  +         Spirit   .     Y - +0 cloak {+Inv}
rCorr  +         Warding  .     K - +0 pair of gloves {Str+3}
rMut   .         Stasis   .     (no boots)
MR     ++...                    R - amulet "Lomeiwn" {rCorr rF+}
Stlth  ..........               h - ring of Afanimug {+Blink rPois Str+5 Dex+4}
                                F - ring of Salvation {rC+ rN+ Str+2 Int+4 Slay+3}

@: flying, very resistant to hostile enchantments, extremely unstealthy
A: big wings, hooves 1, see invisible, deterioration 1, negative energy
resistance 1, electricity resistance, spit poison 1, weak 1, unbreathing,
petrification resistance, rot immunity, subdued magic 1, MP-powered wands, AC
+20
a: Spit Poison, Stop Flying, Burn Spellbooks, Berserk, Trog's Hand, Brothers in
Arms, Renounce Religion, Evoke Blink, Evoke Invisibility
0: Orb of Zot
}: 3/15 runes: serpentine, barnacled, slimy


You escaped.
You worshipped Trog.
Trog was extremely pleased with you.
You were not hungry.

You visited 12 branches of the dungeon, and saw 62 of its levels.
You also visited: Trove, Sewer, Bailey and Ice Cave.

You collected 9517 gold pieces.
You spent 2179 gold pieces at shops.

Inventory:

Hand weapons
 a - a +9 eveningstar of flaming (weapon)
 b - a +9 antimagic demon whip
Armour
 c - a +2 large shield (worn)
 o - a +0 gold dragon armour (worn)
 v - a +2 hat (worn)
 K - a +0 pair of gloves of strength (worn)
 Y - a +0 cloak of invisibility (worn)
Rods
 w - a +9 rod of inaccuracy (17/17)
   (You found it on level 6 of the Pits of Slime)
Jewellery
 h - the ring of Afanimug (right hand) {+Blink rPois Str+5 Dex+4}
   (You found it on level 3 of the Elven Halls)

   [ring of strength]

   It affects your strength (+5).
   It affects your dexterity (+4).
   It protects you from poison.
   It lets you blink.
 F - the ring of Salvation (left hand) {rC+ rN+ Str+2 Int+4 Slay+3}
   (You took it off a deep elf fighter on level 3 of the Elven Halls)

   [ring of positive energy]

   It affects your strength (+2).
   It affects your intelligence (+4).
   It affects your accuracy and damage with ranged weapons and melee attacks
   (+3).
   It protects you from cold.
   It protects you from negative energy.
 R - the amulet "Lomeiwn" (around neck) {rCorr rF+}
   (You took it off a deep elf annihilator on level 3 of the Elven Halls)

   [amulet of resist corrosion]

   It protects you from acid and corrosion.
   It protects you from fire.
 W - the ring of Xog Iteo {+Fly rPois rN+++ MP-9 EV+2}
   (You found it on level 1 of the Realm of Zot)

   [ring of evasion]

   It affects your evasion (+2).
   It protects you from poison.
   It renders you almost immune to negative energy.
   It affects your magic capacity (-9).
   It lets you fly.
Magical devices
 f - a wand of digging (3)
 k - a wand of fire (11)
 s - a wand of cold (5)
 x - a wand of disintegration (9)
 z - a wand of fire (9)
 D - a wand of heal wounds (6)
 E - a wand of fire (6)
 H - a wand of fireball (6)
 J - a wand of heal wounds (6)
 O - a wand of lightning (7)
 Q - a wand of heal wounds (5)
 V - a wand of lightning (4)
 X - a wand of draining (7)
Scrolls
 e - 5 scrolls of recharging
 g - 2 scrolls of holy word
 i - 15 scrolls of magic mapping
 j - 16 scrolls of teleportation
 n - 7 scrolls of fog
 y - 11 scrolls of blinking
 A - 7 scrolls of silence
 C - 10 scrolls of enchant armour
 I - 39 scrolls of remove curse
 M - 6 scrolls of enchant weapon
 N - 8 scrolls of fear
 P - 3 scrolls of summoning
 S - 11 scrolls of identify
Potions
 d - 11 potions of might
 m - 21 potions of curing
 p - 6 potions of agility
 r - 4 potions of cancellation
 t - 3 potions of cure mutation
 B - 8 potions of haste
 L - 4 potions of heal wounds
 T - 5 potions of resistance
Comestibles
 q - 10 meat rations
 G - 20 slices of pizza
 U - 33 bread rations


   Skills:
 O Level 27 Fighting
 - Level 16.0 Maces & Flails
 O Level 27 Armour
 - Level 10.0 Dodging
 - Level 25.0 Shields
 + Level 19.0 Evocations


You had 26 spell levels left.
You didn't know any spells.

Dungeon Overview and Level Annotations

Branches:
Dungeon (15/15)            Temple (1/1) D:7            Lair (8/8) D:11
 Shoals (4/4) Lair:4        Snake (4/4) Lair:3        Slime (6/6) Lair:7
    Orc (4/4) D:9             Elf (3/3) Orc:4        Vaults (4/5) D:13
  Crypt (3/3) Vaults:2       Tomb (0/3) Crypt:3      Depths (5/5) D:15
    Zot (5/5) Depths:5

Altars:
Ashenzari
Cheibriados
Dithmenos
Elyvilon
Fedhas
Gozag
Kikubaaqudgha
Makhleb
Nemelex Xobeh
Okawaru
Qazlal
Ru
Sif Muna
Trog
Vehumet
Xom
Yredelemnul
Zin
The Shining One
Beogh
Jiyva

Shops:
D:5 :   D:7 *   D:8 [[   D:9 *[(   D:12 !   Orc:4 *[*   Elf:1 }   Elf:3 *
Shoals:3 ?   Snake:4 *:=*   Vaults:2 [

Portals:
Hell: Depths:1 Depths:2 Depths:3 Depths:4 Depths:5
Abyss: Depths:4
Pandemonium: Depths:3 Depths:4
Ziggurat: Depths:1


Innate Abilities, Weirdness & Mutations

You are resistant to torment.
Your stone body is resilient (AC +20).
You are immune to poison.
Your large and strong wings let you fly indefinitely.
You resist negative energy.
You are resistant to electric shocks.
You can survive without breathing.
You are immune to petrification.
You are immune to rotting.
You have large cloven feet.
You have supernaturally acute eyesight.
Your body sometimes deteriorates upon taking damage.
You can spit weak poison.
You are weak. (Str -2)
Your spells are a little easier to cast, but a little less powerful.
You expend magic power (3 MP) to strengthen your wands.


Message History

An orc comes into view. It is wielding a mace.
You see here a robe.
There is a stone staircase leading up here.
You fly upwards.
There is a stone staircase leading down here.
There is a stone staircase leading up here.
You fly upwards.
There is a stone staircase leading down here.
You don't know any spells.
(D) Dungeon (T) Temple (L) Lair (A) Shoals (P) Snake Pit (M) Slime Pits (O) Orcish Mines (E) Elven Halls (V) Vaults (C) Crypt (W) Tomb (U) Depths (H) Hell (Z) Zot
Where to? (Enter - D:1, ? - help) You're already here!
You hear a grinding noise.
You hear a grinding noise.
You hear a grinding noise.
There is a staircase leading out of the dungeon here.
You have escaped!

# ############.# ##. # #.# #.. #
#.# #.. ##### #.# #.. ....#
##.#### #.. ###.# #.....# #.. #
#.# #.###.# #.. # #.# #.# #.# #..
###.#### #@# #.# ### .......# #.#
#.###### ##### .#####.#
##.###......###.... .# #.#
#......#........... .# #.#
#.####...#.......#. .#
#.########.####.....#...#...
.#####.......##.#..........#.....
.......#####.##.#^##.......#.....
.####### #.##.#.##.....#...#..(


There were no monsters in sight!

Vanquished Creatures
  the royal jelly (Slime:6)
  3 pandemonium lords (D:9)
  4 orbs of fire (Zot:5)
  Mennas (Crypt:3)
  6 ancient liches
  2 greater mummies (Crypt:1)
  Boris (Vaults:2)
  2 shard shrikes (Zot:1)
  The ghost of DEFE the Eclecticist, a great DgFE (Depths:5)
  Margery (Crypt:3)
  Saint Roka (Elf:2)
  2 Killer Klowns (Zot:5)
  3 caustic shrikes (Depths:5)
  3 large abominations
  14 golden dragons
  Nikola (Vaults:1)
  A profane servitor (Zot:1)
  A bone dragon (Crypt:3)
  The ghost of FooOfBar the Devastator, a mighty DrCj of Vehumet (Vaults:1)
  An electric golem (Zot:5)
  3 liches
  Jorgrun (Crypt:2)
  15 tentacled monstrosities
  An Ice Fiend (IceCv)
  30 Orb Guardians
  Asterion (Vaults:1)
  2 titans
  2 deep elf master archers (Elf:3)
  The ghost of Chiseanne the Champion of Chaos, a mighty DsWn of Makhleb (Crypt:1)
  5 deep elf blademasters
  A Shadow Fiend (Zot:2)
  2 quicksilver dragons (Zot:2)
  22 acid blobs
  4 krakens
  2 octopode crushers
  2 sphinxes
  An Executioner (D:11)
  Agnes (D:15)
  3 ancient champions
  8 greater nagas
  12 storm dragons
  10 azure jellies
  9 shadow dragons
  3 revenants (Crypt:3)
  Ilsuiw (Shoals:4)
  16 frost giants
  3 draconian monks
  Wiglaf (Snake:2)
  7 tengu reavers
  6 fire giants
  Donald (Vaults:2)
  9 deep elf sorcerers
  2 iron dragons
  5 draconian scorchers
  4 draconian knights
  14 vault wardens
  A warmonger (D:9)
  The ghost of Bodrick the Thaumaturge, a powerful GrEE of Vehumet (Elf:1)
  A cacodemon (Zot:5)
  Aizul (Vaults:1)
  Louise (Snake:3)
  A ghost moth (Zot:3)
  A balrug (D:9)
  An emperor scorpion (shapeshifter) (Zot:2)
  9 ghouls
  2 draconian shifters (Zot:5)
  An angel (D:15)
  15 stone giants
  2 draconian zealots
  14 very ugly things
  A reaper (D:9)
  A spriggan defender (Depths:4)
  17 ironheart preservers
  3 draconian annihilators
  4 vampire knights
  5 war gargoyles
  8 green draconians
  2 draconian callers
  A salamander firebrand (Depths:3)
  4 deep elf demonologists
  11 black draconians
  A green draconian (shapeshifter) (Zot:2)
  11 deep elf annihilators
  3 yellow draconians
  2 mottled draconians
  5 purple draconians
  A purple draconian (shapeshifter) (Zot:2)
  4 red draconians
  2 dire elephants (Depths:3)
  10 white draconians
  A chaos champion (D:9)
  9 deep elf death magi
  8 merfolk javelineers
  Snorg (Lair:7)
  3 crystal guardians (Crypt:3)
  12 ettins
  The ghost of Chiseanne the Fighter, a powerful DsWn of Makhleb (Orc:4)
  6 mummy priests (Crypt:1)
  8 death oozes (Slime:6)
  5 jiangshi (Depths:2)
  14 merfolk impalers
  17 vault guards
  18 fire dragons
  3 deep elf high priests
  10 yaktaur captains
  An entropy weaver (shapeshifter) (Depths:1)
  4 rakshasas
  A quicksilver dragon skeleton (Crypt:3)
  10 great orbs of eyes
  13 naga warriors
  A hell beast (Depths:3)
  7 hydras
  11 death cobs
  13 centaur warriors
  A catoblepas (Lair:1)
  26 ice dragons
  2 alligator snapping turtles
  4 spriggan air magi
  3 merfolk avatars (Shoals:4)
  Erica (D:9)
  4 merfolk aquamancers (Shoals:4)
  5 death knights
  A satyr (Shoals:4)
  2 alligators (Depths:3)
  20 anacondas
  7 vampire magi
  4 tengu warriors
  16 ogre magi
  7 deep troll shamans
  15 naga sharpshooters
  10 death yaks
  10 deep troll earth magi
  22 dancing weapons
  2 orc high priests
  3 hell hogs (Zot:2)
  5 spriggan berserkers
  A sun demon (D:15)
  11 shock serpents
  2 soul eaters
  Sonja (Lair:2)
  15 deep elf knights
  3 fire crabs
  2 shadow wraiths
  An iron troll (Depths:2)
  18 hell knights
  6 salamander mystics
  4 small abominations
  A cherub (Zot:2)
  36 skeletal warriors
  17 sea snakes
  3 giant orange brains
  9 ice devils
  5 unseen horrors
  11 deep elf summoners
  11 naga ritualists
  A sea snake (shapeshifter) (Depths:5)
  12 ironbrand convokers
  8 flayed ghosts
  A swamp dragon (Depths:3)
  2 ice statues (IceCv)
  A shadow demon (Zot:2)
  A shadow dragon zombie (Crypt:3)
  13 necromancers
  Pikel (D:8)
  17 hill giants
  33 deep trolls
  An orb spider (shapeshifter) (Depths:1)
  2 orb spiders (Zot:2)
  A wolf spider zombie (D:15)
  5 phantasmal warriors
  22 deep elf conjurers
  25 harpies
  9 cyclopes
  17 mana vipers
  8 lindwurms
  2 fire giant zombies (Crypt:3)
  14 manticores
  An anaconda skeleton (Crypt:2)
  9 orc sorcerers
  7 shining eyes
  A shadow dragon skeleton (Crypt:3)
  15 orc knights
  2 frost giant zombies
  A wizard (D:15)
  An iron dragon zombie (Crypt:1)
  78 ugly things
  5 wolf spiders
  A hornet (Vaults:1)
  3 water nymphs
  29 naga magi
  14 griffons
  4 sixfirhies
  14 moths of wrath
  A black mamba (shapeshifter) (Elf:1)
  12 guardian serpents
  An octopode (shapeshifter) (Vaults:2)
  4 rust devils
  A toenail golem (D:13)
  8 sirens
  17 elephants
  10 salamanders
  5 centaur zombies (D:13)
  2 frost giant skeletons
  Maurice (Orc:3)
  6 fauns
  A water nymph (shapeshifter) (Depths:2)
  A fire giant skeleton (Crypt:1)
  4 gargoyles
  43 black mambas
  An eye of devastation (shapeshifter) (Vaults:2)
  4 torpor snails
  6 eyes of devastation
  2 spiny frogs (shapeshifter)
  24 spiny frogs
  11 vault sentinels
  2 orange demons (D:9)
  A white draconian zombie (Crypt:1)
  3 centaur skeletons
  14 komodo dragons
  A guardian serpent (shapeshifter) (Vaults:3)
  4 anaconda simulacra
  2 tengu conjurers
  An efreet (D:15)
  2 storm dragon simulacra (Crypt:2)
  58 yaktaurs
  2 fire drakes
  An alligator snapping turtle skeleton (Crypt:1)
  A kobold demonologist (D:13)
  A golden dragon simulacrum (IceCv)
  A hellwing (D:9)
  7 guardian mummies (Crypt:1)
  27 merfolk
  A redback zombie (D:15)
  13 deep elf priests
  3 wind drakes
  A merfolk (shapeshifter) (Depths:5)
  3 red devils (D:9)
  4 blue devils (IceCv)
  11 trolls
  A tormentor (D:9)
  3 harpy zombies (Zot:2)
  2 giant leeches (Lair:8)
  A polar bear (shapeshifter) (Depths:1)
  2 polar bears
  13 freezing wraiths
  2 yaktaur skeletons
  21 two-headed ogres
  A hydra zombie (Crypt:3)
  2 bog bodies (Crypt:1)
  6 boulder beetles
  17 blink frogs
  96 slime creatures
  2 blink frogs (shapeshifter)
  7 snapping turtles
  An alligator zombie (Crypt:3)
  6 raiju
  54 yaks
  A fire dragon zombie (Crypt:3)
  A spriggan (shapeshifter) (Depths:2)
  38 flying skulls
  A salamander simulacrum (Vaults:3)
  A dire elephant simulacrum (IceCv)
  2 redbacks (Vaults:2)
  6 wraiths
  Sigmund (D:5)
  6 shadows
  A tarantella (Vaults:2)
  2 ice dragon skeletons
  6 air elementals
  3 spriggans
  17 water elementals
  A fire dragon skeleton (Crypt:3)
  3 wyverns
  2 ettin skeletons (Crypt:2)
  A ynoxinul (D:9)
  3 mottled dragons
  27 deep elf magi
  5 vampires
  11 hippogriffs
  51 nagas
  6 wargs
  32 deep elf fighters
  6 golden eyes
  A hungry ghost (D:15)
  3 neqoxecs
  4 basilisks
  2 chaos spawn
  A hog (shapeshifter) (Vaults:2)
  8 vampire mosquitoes
  A harpy simulacrum (IceCv)
  15 wolves
  4 hell hounds (D:9)
  An iron troll simulacrum (IceCv)
  10 porcupines
  A soldier ant (shapeshifter) (Depths:3)
  5 wasps
  4 slaves (D:8)
  A hydra simulacrum (IceCv)
  A gelid demonspawn skeleton (Crypt:2)
  A swamp dragon zombie (Crypt:3)
  16 spiders
  14 water moccasins
  A torturous demonspawn skeleton (Crypt:2)
  2 ettin simulacra (IceCv)
  A spiny frog skeleton (Crypt:2)
  4 ice beasts
  47 orc warriors
  4 black bears
  A blink frog zombie (Crypt:2)
  53 ogres
  7 boggarts
  The ghost of Chiseanne the Covered, an average DsWn of Vehumet (D:3)
  38 centaurs
  6 eyes of draining
  An anubis guard skeleton (Crypt:2)
  A human skeleton (Vaults:4)
  A phantom (D:6)
  19 necrophages
  2 sky beasts
  15 crocodiles
  3 big kobolds
  2 brain worms
  40 giant frogs
  6 killer bees
  2 wyvern skeletons
  4 scorpions
  14 wights
  A warg skeleton (Crypt:1)
  A polar bear skeleton (Crypt:2)
  6 electric eels
  An elf skeleton (Vaults:4)
  9 crimson imps
  8 hounds
  29 orc priests
  2 giant frog zombies
  An iguana (shapeshifter) (Depths:1)
  6 giant frog skeletons
  47 orc wizards
  21 jellies
  A basilisk zombie (Crypt:2)
  9 worker ants
  Natasha (thrice) (D:4)
  9 iguanas
  A demonspawn skeleton (Crypt:1)
  27 sheep
  2 killer bee zombies (D:8)
  A naga skeleton (Crypt:1)
  3 hound zombies
  A worker ant zombie (D:8)
  2 hound skeletons
  6 mummies
  17 adders
  65 river rats
  A swamp drake skeleton (Crypt:2)
  2 giant eyeballs (Depths:3)
  5 shadow imps
  14 white imps
  2 ufetubi
  6 oozes
  4 worms
  12 giant geckos
  246 orcs
  18 giant cockroaches
  6 goblins
  6 hobgoblins
  4 quokkas
  17 ball pythons
  8 bats
  A giant gecko zombie (D:8)
  15 giant newts
  4 jackals (D:4)
  14 kobolds
  2 quokka skeletons
  10 rats
  A crawling corpse (Elf:3)
  A fungus (Lair:8)
  A plant (Shoals:2)
  9 tentacles
3148 creatures vanquished.

Vanquished Creatures (others)
  A draconian scorcher (Zot:1)
  A vampire knight (Depths:3)
  A death cob (Zot:2)
  A necromancer (Depths:3)
  A deep elf conjurer (Depths:2)
  A wind drake (shapeshifter) (Vaults:3)
  A blue devil (D:9)
  A deep elf fighter (Elf:3)
  A deep elf mage (Elf:1)
  A golden eye (Zot:2)
  A mottled dragon (Zot:1)
  A sky beast (D:9)
  2 ogres
  A giant frog zombie (D:9)
  A jelly (Slime:2)
  An orc priest (Vaults:1)
  3 orcs
  4 kobolds (D:9)
  2 bushes
  A fulminant prism (Vaults:1)
  18 fungi
  5 lost souls
  19 plants
  41 tentacles
  1128 tentacle segments
1238 creatures vanquished.

Grand Total: 4386 creatures vanquished

Notes
Turn   | Place    | Note
--------------------------------------------------------------
     0 | D:1      | urechis the Gargoyle Fighter began the quest for the Orb.
     0 | D:1      | Reached XP level 1. HP: 14/14 MP: 1/1
   145 | D:1      | Reached XP level 2. HP: 13/19 MP: 2/2
   623 | D:1      | Reached XP level 3. HP: 24/24 MP: 3/3
  1151 | D:3      | Reached skill level 4 in Fighting
  1228 | D:3      | Reached XP level 4. HP: 20/29 MP: 4/4
  1406 | D:3      | Noticed Chiseanne's ghost (average DsWn)
  1448 | D:3      | Killed Chiseanne's ghost
  1448 | D:3      | Reached XP level 5. HP: 4/34 MP: 5/5
  2093 | D:4      | Reached skill level 5 in Maces & Flails
  2116 | D:4      | Reached XP level 6. HP: 18/40 MP: 6/6
  2289 | D:4      | Reached skill level 5 in Fighting
  2327 | D:4      | Found a glowing drain.
  2331 | Sewer    | Entered a sewer
  2749 | Sewer    | Reached skill level 6 in Maces & Flails
  2962 | D:4      | Reached XP level 7. HP: 44/44 MP: 7/7
  3215 | D:4      | Noticed an ogre
  3616 | D:4      | Killed an ogre
  3766 | D:4      | Noticed Natasha
  3776 | D:4      | Killed Natasha
  3840 | D:4      | Reached skill level 7 in Maces & Flails
  3971 | D:4      | Noticed Natasha
  3977 | D:4      | Killed Natasha
  4426 | D:4      | Noticed Natasha
  4431 | D:4      | Killed Natasha
  4621 | D:5      | Entered Level 5 of the Dungeon
  4728 | D:5      | Reached XP level 8. HP: 28/52 MP: 8/8
  4822 | D:5      | Found a shimmering altar of Xom.
  4824 | D:5      | Found an ancient bone altar of Kikubaaqudgha.
  4824 | D:5      | Found a blossoming altar of Fedhas.
  4825 | D:5      | Found a bloodstained altar of Trog.
  4830 | D:5      | Found a glowing silver altar of Zin.
  4830 | D:5      | Found an opulent altar of Gozag.
  4833 | D:5      | Found a radiant altar of Vehumet.
  4837 | D:5      | Became a worshipper of Trog the Wrathful
  4876 | D:5      | Found Ginov's Book Emporium.
  4966 | D:5      | Reached skill level 8 in Maces & Flails
  5455 | D:5      | Noticed Sigmund
  5467 | D:5      | Killed Sigmund
  5524 | D:5      | Reached skill level 9 in Maces & Flails
  6091 | D:6      | Reached XP level 9. HP: 53/58 MP: 9/9
  6092 | D:6      | Acquired Trog's first power
  6210 | D:6      | Found a snail-covered altar of Cheibriados.
  6402 | D:6      | Found a sparkling altar of Nemelex Xobeh.
  6687 | D:7      | Got a pair of spiked boots
  6693 | D:7      | Identified the +0 pair of boots "Zejo" {rN+ Str-2 Stlth+} (You found it on level 7 of the Dungeon)
  6718 | D:7      | Reached skill level 10 in Maces & Flails
  6843 | D:7      | Acquired Trog's second power
  7211 | D:7      | Found Duveinorch's Assorted Antiques.
  7248 | D:7      | Found a flagged portal.
  7254 | Bailey   | Entered a bailey
  7254 | Bailey   | Noticed 4thArraOfDagon's ghost (powerful TrNe)
  7268 | Bailey   | HP: 2/90 [4thArraOfDagon's ghost (14)]
  7734 | D:7      | Found a staircase to the Ecumenical Temple.
  8244 | D:8      | Reached skill level 11 in Maces & Flails
  8416 | D:8      | Found Ulitus's Armour Emporium.
  8470 | D:8      | Reached XP level 10. HP: 55/66 MP: 10/10
  8589 | D:8      | Found Asejet's Antique Armour Emporium.
  8600 | D:8      | Noticed Pikel
  8634 | D:8      | Killed Pikel
  9151 | D:8      | Found a sacrificial altar of Ru.
  9174 | D:8      | Reached skill level 10 in Fighting
  9512 | D:9      | Reached skill level 12 in Maces & Flails
  9859 | D:9      | Noticed Erica
  9887 | D:9      | Killed Erica
  9887 | D:9      | Reached skill level 5 in Armour
  9887 | D:9      | Reached skill level 5 in Shields
 10041 | D:9      | Found Nyonal's Weapon Boutique.
 10042 | D:9      | Found a staircase to the Orcish Mines.
 10066 | D:9      | Found Edeop's Armour Boutique.
 10389 | D:9      | Found Soxaotwe's Assorted Antiques.
 10404 | D:9      | Bought a scroll of identify for 38 gold pieces
 10404 | D:9      | Bought a scroll of identify for 38 gold pieces
 10404 | D:9      | Bought a scroll labeled UTAYCA QU ZACOT for 19 gold pieces
 10404 | D:9      | Bought a lumpy white potion for 17 gold pieces
 10599 | D:10     | Entered Level 10 of the Dungeon
 10671 | D:10     | Reached XP level 11. HP: 72/72 MP: 11/11
 10904 | D:10     | Noticed a hill giant
 10935 | D:10     | Killed a hill giant
 10964 | D:10     | Noticed a hill giant
 10992 | D:10     | Killed a hill giant
 11049 | D:10     | Found a shadowy altar of Dithmenos.
 11125 | D:10     | Identified a +0 rod of clouds (10/10) (You found it on level 10 of the Dungeon)
 11418 | D:10     | Noticed a five-headed hydra
 11428 | D:10     | Killed a five-headed hydra
 11581 | D:11     | Noticed a hill giant
 11594 | D:10     | Killed a hill giant
 11813 | D:11     | Found a radiant altar of Vehumet.
 11831 | D:11     | Got a dazzling chain mail
 11839 | D:11     | Got a steaming ring mail
 11878 | D:11     | Identified the +5 ring mail "Tatogg" {rN+} (You found it on level 11 of the Dungeon)
 11888 | D:11     | Identified the +8 chain mail "Quleegar" {rN+ MR+ Stlth-} (You found it on level 11 of the Dungeon)
 12433 | D:11     | Found a staircase to the Lair.
 12473 | D:11     | Killed an unseen horror
 12583 | D:11     | Noticed a hill giant
 12954 | D:11     | Noticed a hill giant
 12964 | D:11     | Killed a hill giant
 12964 | D:11     | Reached XP level 12. HP: 77/77 MP: 12/12
 13105 | D:11     | Killed a hill giant
 13105 | D:11     | Reached skill level 10 in Armour
 13105 | D:11     | Reached skill level 10 in Shields
 13434 | D:12     | Gained mutation: You are partially covered in yellow scales (AC +2). [mutagenic meat]
 13619 | D:12     | Found Rucho's Distillery.
 13638 | D:12     | Bought a potion of heal wounds for 75 gold pieces
 13683 | D:12     | Acquired Trog's third power
 13902 | D:12     | Found a glowing silver altar of Zin.
 13994 | D:12     | Gained mutation: Your spells are a little harder to cast, but a little more powerful. [mutagenic meat]
 13995 | D:12     | Gained mutation: You can breathe flames. [mutagenic meat]
 13996 | D:12     | Gained mutation: You possess an exceptional clarity of mind. [mutagenic meat]
 13997 | D:12     | Gained mutation: You heal slowly when monsters are visible. [mutagenic meat]
 13998 | D:12     | Lost mutation: You can breathe flames. [potion of cure mutation]
 13998 | D:12     | Lost mutation: You possess an exceptional clarity of mind. [potion of cure mutation]
 13998 | D:12     | Lost mutation: You heal slowly when monsters are visible. [potion of cure mutation]
 13998 | D:12     | Lost mutation: Your spells are a little harder to cast, but a little more powerful. [potion of cure mutation]
 13999 | D:12     | Gained mutation: You have a pair of small antennae on your head. [mutagenic meat]
 14000 | D:12     | Gained mutation: You are clumsy. (Dex -2) [mutagenic meat]
 14001 | D:12     | Lost mutation: You are clumsy. (Dex -2) [potion of cure mutation]
 14001 | D:12     | Lost mutation: You have a pair of small antennae on your head. [potion of cure mutation]
 14001 | D:12     | Lost mutation: You are partially covered in yellow scales (AC +2). [potion of cure mutation]
 14237 | D:12     | Noticed a seven-headed hydra
 14318 | D:12     | Killed a seven-headed hydra
 14718 | D:11     | Noticed a hill giant
 14732 | D:11     | Killed a hill giant
 14741 | Lair:1   | Entered Level 1 of the Lair of Beasts
 14958 | Lair:1   | Reached skill level 13 in Shields
 15473 | Lair:1   | Noticed a catoblepas
 15496 | Lair:1   | Killed a catoblepas
 15496 | Lair:1   | Reached XP level 13. HP: 59/83 MP: 13/13
 15758 | Lair:1   | Received a gift from Trog
 15816 | Lair:1   | Reached skill level 14 in Shields
 16305 | Lair:2   | Noticed Sonja
 16442 | Lair:2   | Killed Sonja
 16687 | Lair:2   | Reached skill level 15 in Shields
 17538 | Lair:3   | Found a staircase to the Snake Pit.
 18030 | Lair:4   | Received a gift from Trog
 18074 | Lair:4   | Found a staircase to the Shoals.
 19211 | Lair:5   | Gained mutation: Your large and strong wings let you fly indefinitely. [Gargoyle growth]
 19211 | Lair:5   | Reached XP level 14. HP: 40/91 MP: 14/14
 20024 | Lair:5   | Found a snail-covered altar of Cheibriados.
 20343 | Lair:6   | Received a gift from Trog
 21453 | Lair:7   | Noticed Snorg
 21465 | Lair:7   | Killed Snorg
 22064 | Lair:7   | Reached skill level 15 in Maces & Flails
 22160 | Lair:7   | Found a runed door.
 22161 | Lair:7   | Found a viscous altar of Jiyva.
 22163 | Lair:7   | Found a staircase to the Slime Pits.
 22163 | Lair:7   | Noticed an acid blob
 22176 | Lair:7   | Killed an acid blob
 22627 | Lair:8   | Entered Level 8 of the Lair of Beasts
 22669 | Lair:8   | Gained mutation: You have sharp toenails. [potion of mutation]
 22669 | Lair:8   | Gained mutation: Scrolls take you a little longer to read. [potion of mutation]
 22669 | Lair:8   | Gained mutation: Your spells are a little easier to cast, but a little less powerful. [potion of mutation]
 22670 | Lair:8   | Lost mutation: Scrolls take you a little longer to read. [potion of cure mutation]
 22670 | Lair:8   | Lost mutation: Your spells are a little easier to cast, but a little less powerful. [potion of cure mutation]
 22670 | Lair:8   | Lost mutation: You have sharp toenails. [potion of cure mutation]
 22671 | Lair:8   | Gained mutation: You are resistant to hostile enchantments. [potion of mutation]
 22671 | Lair:8   | Gained mutation: You passively map a small area around you. [potion of mutation]
 22671 | Lair:8   | Gained mutation: You possess an exceptional clarity of mind. [potion of mutation]
 22942 | Lair:8   | Reached XP level 15. HP: 75/98 MP: 15/15
 23225 | Lair:8   | Reached skill level 16 in Maces & Flails
 23481 | Lair:8   | Received a gift from Trog
 24433 | Snake:1  | Entered Level 1 of the Snake Pit
 24959 | Snake:1  | Reached skill level 15 in Fighting
 24975 | Snake:1  | Received a gift from Trog
 25659 | Snake:2  | Noticed Wiglaf
 25704 | Snake:2  | Found a stormy altar of Qazlal.
 26097 | Snake:2  | Killed Wiglaf
 26097 | Snake:2  | Reached skill level 1 in Evocations
 26318 | Snake:2  | Reached XP level 16. HP: 87/110 MP: 17/17
 26596 | Snake:3  | Gained mutation: Your muscles are strong. (Str +2) [potion of beneficial mutation]
 26758 | Snake:3  | Received a gift from Trog
 26982 | Snake:3  | Found a frozen archway.
 27088 | IceCv    | Entered an ice cave
 27763 | IceCv    | Reached skill level 5 in Evocations
 27772 | IceCv    | Noticed an Ice Fiend
 27784 | IceCv    | Killed an Ice Fiend
 28600 | Snake:3  | Noticed Louise
 28640 | Snake:3  | Killed Louise
 28704 | Snake:4  | Entered Level 4 of the Snake Pit
 28968 | Snake:3  | Received a gift from Trog
 29146 | Snake:4  | Found Sauzul's General Store.
 29506 | Snake:4  | Bought a scroll of identify for 40 gold pieces
 29506 | Snake:4  | Bought a scroll of identify for 40 gold pieces
 29542 | Snake:4  | Found Huufujya's Jewellery Shoppe.
 29543 | Snake:4  | Found Huelatu's General Store.
 29545 | Snake:4  | Found Zuoxzaiq's Book Emporium.
 29761 | Snake:4  | Reached XP level 17. HP: 109/115 MP: 22/22
 29831 | Snake:4  | Bought a scroll of identify for 28 gold pieces
 29845 | Snake:4  | Bought an uncursed amulet of regeneration for 480 gold pieces
 30565 | Snake:4  | Received a gift from Trog
 30961 | Snake:4  | Reached skill level 15 in Armour
 31779 | Snake:4  | Reached skill level 10 in Evocations
 31945 | Snake:4  | Reached skill level 17 in Fighting
 32093 | Snake:4  | Reached XP level 18. HP: 65/124 MP: 25/25
 32186 | Snake:4  | Got a serpentine rune of Zot
 32814 | Temple   | Entered the Ecumenical Temple
 33262 | D:13     | Reached skill level 18 in Fighting
 33373 | D:13     | Received a gift from Trog
 33533 | D:13     | Found a large runed door.
 33538 | D:13     | Found a large runed door.
 33610 | D:13     | Found a gate to the Vaults.
 33720 | D:13     | Found a large runed door.
 33781 | D:13     | Found a large runed door.
 33784 | D:13     | Found a large runed door.
 33983 | D:13     | Found a large runed door.
 33987 | D:13     | Found a large runed door.
 34957 | D:14     | Reached skill level 19 in Fighting
 35402 | D:14     | Gained mutation: You have a pair of small antennae on your head. [potion of beneficial mutation]
 35531 | D:15     | Entered Level 15 of the Dungeon
 35761 | D:15     | Found a staircase to the Depths.
 35916 | D:15     | Received a gift from Trog
 36118 | D:15     | Found a shadowy altar of Dithmenos.
 36527 | D:15     | Noticed Agnes
 36543 | D:15     | Killed Agnes
 36819 | D:15     | Reached skill level 20 in Fighting
 37517 | Shoals:1 | Entered Level 1 of the Shoals
 37525 | Shoals:1 | Reached skill level 1 in Dodging
 37537 | Shoals:1 | Got a translucent flail
 37538 | Shoals:1 | Identified the +3 flail of Certain Death {elec, *Corrode rF+ Str+8 Dex+2} (You found it on level 1 of the Shoals)
 37976 | Shoals:1 | Reached XP level 19. HP: 135/135 MP: 26/26
 37982 | Shoals:1 | Received a gift from Trog
 38456 | Shoals:2 | Reached skill level 5 in Dodging
 38999 | Shoals:2 | Got a slimy mace
 39002 | Shoals:2 | Identified the +5 mace of the Onslaught {pain, rC+ Dex+4} (You found it on level 2 of the Shoals)
 39666 | Shoals:3 | Found Neepsaeth's Magic Scroll Boutique.
 39695 | Shoals:3 | Bought a scroll of teleportation for 45 gold pieces
 39695 | Shoals:3 | Bought a scroll of identify for 30 gold pieces
 39695 | Shoals:3 | Bought a scroll of teleportation for 45 gold pieces
 39695 | Shoals:3 | Bought a scroll of silence for 112 gold pieces
 39695 | Shoals:3 | Bought a scroll of enchant armour for 112 gold pieces
 40078 | Shoals:4 | Entered Level 4 of the Shoals
 40126 | Shoals:4 | Received a gift from Trog
 40591 | Shoals:4 | Noticed Ilsuiw
 40632 | Shoals:4 | Killed Ilsuiw
 40982 | Shoals:4 | Reached skill level 10 in Dodging
 41430 | Shoals:4 | Received a gift from Trog
 41606 | Shoals:4 | Reached XP level 20. HP: 114/140 MP: 27/27
 41612 | Shoals:4 | Got a barnacled rune of Zot
 42342 | Depths:1 | Entered Level 1 of the Depths
 42348 | Depths:1 | Found a gateway to Hell.
 42665 | Depths:1 | Found a gateway to a ziggurat.
 43468 | Depths:1 | Received a gift from Trog
 43475 | Depths:1 | Got an encrusted morningstar {god gift}
 43476 | Depths:1 | Identified the +2 morningstar of Nuin {freeze, *Confuse rF+ Str+4 Int+4} (Trog gifted it to you on level 1 of the Depths)
 44598 | Depths:2 | Received a gift from Trog
 44728 | Depths:2 | Reached XP level 21. HP: 51/146 MP: 28/28
 45636 | Depths:3 | Received a gift from Trog
 45767 | Depths:3 | Reached skill level 21 in Shields
 45841 | Depths:3 | Received a gift from Trog
 45933 | Depths:3 | Found a one-way gate leading to the halls of Pandemonium.
 46424 | Depths:3 | Reached skill level 22 in Shields
 46506 | Depths:3 | Received a gift from Trog
 47300 | Orc:1    | Entered Level 1 of the Orcish Mines
 47854 | Orc:2    | Found a roughly hewn altar of Beogh.
 48426 | Orc:3    | Noticed Maurice
 48431 | Orc:3    | Killed Maurice
 48605 | Orc:2    | Found a roughly hewn altar of Beogh.
 48619 | Orc:2    | Received a gift from Trog
 48976 | Orc:4    | Entered Level 4 of the Orcish Mines
 49012 | Orc:4    | Noticed Chiseanne's ghost (powerful DsWn)
 49027 | Orc:4    | Killed Chiseanne's ghost
 49029 | Orc:4    | Reached XP level 22. HP: 128/152 MP: 29/29
 49165 | Orc:4    | Found a staircase to the Elven Halls.
 49549 | Orc:4    | Found Gecke's General Store.
 49578 | Orc:4    | Found Qiol's General Store.
 49578 | Orc:4    | Found Gusiogil's Armour Shop.
 49578 | Orc:4    | Found Ticiq's General Store.
 49589 | Orc:4    | Bought a +0 pair of gloves of strength for 172 gold pieces
 49688 | Orc:4    | Received a gift from Trog
 50322 | D:13     | Found a large runed door.
 51234 | D:8      | Bought a runed hat for 128 gold pieces
 51769 | Depths:4 | Reached skill level 23 in Shields
 52067 | Depths:4 | Found a one-way gate to the infinite horrors of the Abyss.
 52659 | Depths:5 | Entered Level 5 of the Depths
 52733 | Depths:5 | Received a gift from Trog
 52803 | Depths:5 | Reached skill level 24 in Shields
 53147 | Depths:5 | Noticed DEFE's ghost (great DgFE)
 53172 | Depths:5 | Killed DEFE's ghost
 53603 | Depths:5 | Reached XP level 23. HP: 156/156 MP: 30/30
 53846 | Depths:5 | Received a gift from Trog
 53923 | Depths:5 | Found a gate to the Realm of Zot.
 54027 | Depths:5 | Noticed a caustic shrike
 54027 | Depths:5 | Noticed a caustic shrike
 54027 | Depths:5 | Noticed a caustic shrike
 54028 | Depths:5 | Noticed a caustic shrike
 54040 | Depths:5 | Killed a caustic shrike
 54125 | Depths:5 | Killed a caustic shrike
 54125 | Depths:5 | Reached skill level 25 in Shields
 54270 | Depths:5 | Killed a caustic shrike
 54615 | Vaults:1 | Entered Level 1 of the Vaults
 54721 | Vaults:1 | Noticed FooOfBar's ghost (mighty DrCj)
 54781 | Vaults:1 | Killed FooOfBar's ghost
 54864 | Vaults:1 | Noticed Nikola
 54877 | Vaults:1 | Killed Nikola
 54923 | Vaults:1 | Received a gift from Trog
 54950 | Vaults:1 | Found a portal to a secret trove of treasure.
 54965 | Vaults:1 | Noticed Aizul
 54985 | Vaults:1 | Killed Aizul
 54986 | Vaults:1 | Noticed Asterion
 55017 | Vaults:1 | Killed Asterion
 55644 | Vaults:1 | Received a gift from Trog
 55758 | Vaults:1 | Got an iridescent morningstar
 55759 | Vaults:1 | Identified the +2 morningstar of the Special Deaths {venom, Dex+3} (You took it off an ogre mage on level 1 of the Vaults)
 56614 | Vaults:2 | Found Joqur's Armour Boutique.
 56627 | Vaults:2 | Found a sacrificial altar of Ru.
 57162 | Vaults:2 | Found a staircase to the Crypt.
 57211 | Vaults:2 | Received a gift from Trog
 57296 | Vaults:2 | Reached XP level 24. HP: 155/163 MP: 30/30
 57860 | Vaults:2 | Noticed Donald
 57870 | Vaults:2 | Killed Donald
 57953 | Vaults:2 | Noticed Boris
 57970 | Vaults:2 | Killed Boris
 58897 | Vaults:3 | Received a gift from Trog
 59223 | Vaults:3 | Received a gift from Trog
 60351 | Vaults:4 | Received a gift from Trog
 60982 | Vaults:4 | Reached XP level 25. HP: 161/169 MP: 30/30
 61385 | Vaults:4 | Received a gift from Trog
 61721 | Elf:1    | Entered Level 1 of the Elven Halls
 61845 | Elf:1    | Noticed Bodrick's ghost (powerful GrEE)
 61861 | Elf:1    | Killed Bodrick's ghost
 62446 | Elf:1    | Received a gift from Trog
 62549 | Elf:1    | Found Darefe's Gadget Shoppe.
 63144 | Elf:2    | Found a runed gate.
 63149 | Elf:2    | Found a runed gate.
 63149 | Elf:2    | Found a runed gate.
 63185 | Elf:2    | Noticed Saint Roka
 63235 | Elf:2    | Killed Saint Roka
 63235 | Elf:2    | Received a gift from Trog
 63725 | Elf:3    | Entered Level 3 of the Elven Halls
 63809 | Elf:3    | Found Amamyaru's Assorted Antiques.
 63818 | Elf:3    | Got an ancient demon whip
 63819 | Elf:3    | Identified the +6 demon whip of the Dwarven Hall {flame, rN+} (You found it on level 3 of the Elven Halls)
 63827 | Elf:3    | Bought a scroll of brand weapon for 760 gold pieces
 63922 | Elf:3    | Got a dazzling plate armour
 63969 | Elf:3    | Identified the +3 plate armour "Umesiz" {Int+3} (You found it on level 3 of the Elven Halls)
 64492 | Elf:3    | Received a gift from Trog
 65103 | Elf:3    | Got a serpentine lapis lazuli ring
 65105 | Elf:3    | Identified the ring of Salvation {rC+ rN+ Str+2 Int+4 Slay+3} (You took it off a deep elf fighter on level 3 of the Elven Halls)
 65108 | Elf:3    | Got a twitching silver amulet
 65110 | Elf:3    | Identified the amulet "Lomeiwn" {rCorr rF+} (You took it off a deep elf annihilator on level 3 of the Elven Halls)
 65183 | Elf:3    | Got a vibrating iron ring
 65185 | Elf:3    | Identified the ring of Afanimug {+Blink rPois Str+5 Dex+4} (You found it on level 3 of the Elven Halls)
 65188 | Elf:3    | Got a wavering bone ring
 65190 | Elf:3    | Identified the ring "Xoupulog" {rC+ Dex+4} (You found it on level 3 of the Elven Halls)
 65276 | Elf:3    | Received a gift from Trog
 65944 | Crypt:1  | Entered Level 1 of the Crypt
 65944 | Crypt:1  | Noticed an ancient lich
 65961 | Crypt:1  | Killed an ancient lich
 65961 | Crypt:1  | Reached XP level 26. HP: 178/180 MP: 30/30
 66056 | Crypt:1  | Noticed Chiseanne's ghost (mighty DsWn)
 66088 | Crypt:1  | Killed Chiseanne's ghost
 66104 | Crypt:1  | Identified a -2 rod of ignition (11/11) (You found it on level 1 of the Crypt)
 66557 | Crypt:1  | Got a topaz-encrusted plate armour
 66568 | Crypt:1  | Identified the +5 plate armour of Analysis {Int+3} (You found it on level 1 of the Crypt)
 66911 | Crypt:1  | Noticed a greater mummy
 66943 | Crypt:1  | Killed a greater mummy
 66998 | Crypt:1  | Got a bound amber ring
 67002 | Crypt:1  | Got a crude ring mail
 67013 | Crypt:1  | Identified the cursed +1 ring mail "Quhiazuf" {Str+2} (You found it on level 1 of the Crypt)
 67028 | Crypt:1  | Identified the ring of the Fifty Runes {rF+ Dex+4 SInv} (You found it on level 1 of the Crypt)
 67208 | Crypt:1  | Noticed a greater mummy
 67240 | Crypt:1  | Killed a greater mummy
 67551 | Crypt:1  | Got a pair of faintly humming gloves
 67552 | Crypt:1  | Identified the cursed -4 pair of gloves of Elas Lia {rElec rPois rC+} (You found it on level 1 of the Crypt)
 67804 | Crypt:2  | Noticed Jorgrun
 67813 | Crypt:2  | Killed Jorgrun
 68379 | Crypt:3  | Entered Level 3 of the Crypt
 68939 | Crypt:3  | Found a basalt altar of Yredelemnul.
 68939 | Crypt:3  | Noticed an ancient lich
 68946 | Crypt:3  | Killed an ancient lich
 69015 | Crypt:3  | Got a glittering pewter ring
 69017 | Crypt:3  | Identified the ring of Powugg {+Inv rC- Int+4 Dex+7} (You found it on level 3 of the Crypt)
 69050 | Crypt:3  | Noticed Mennas
 69077 | Crypt:3  | Killed Mennas
 69337 | Crypt:3  | Received a gift from Trog
 69354 | Crypt:3  | Noticed Margery
 69361 | Crypt:3  | Reached XP level 27. HP: 187/190 MP: 30/30
 69394 | Crypt:3  | Killed Margery
 69534 | Crypt:3  | Found a staircase to the Tomb.
 69547 | Crypt:3  | Got a slimy bone ring
 69547 | Crypt:3  | Got a brightly glowing ivory ring
 69547 | Crypt:3  | Got a fine jade ring
 69548 | Crypt:3  | Identified the ring "Arghaid" {rN+ Str+8} (You found it on level 3 of the Crypt)
 69549 | Crypt:3  | Identified the ring "Ycups" {rElec rN+ MP+9 Str-3 Stlth+} (You found it on level 3 of the Crypt)
 69550 | Crypt:3  | Identified the ring "Wel Puin" {rN+ Dex+9 Stlth+} (You found it on level 3 of the Crypt)
 70502 | Slime:1  | Entered Level 1 of the Pits of Slime
 70650 | Slime:1  | Gained mutation: Your body sometimes deteriorates upon taking damage. [a shining eye]
 71624 | Slime:5  | Gained mutation: Your body often deteriorates upon taking damage. [a shining eye]
 71630 | Slime:5  | Gained mutation: Scrolls take you a little longer to read. [a shining eye]
 71632 | Slime:5  | Lost mutation: Your muscles are strong. (Str +2) [a shining eye]
 71644 | Slime:5  | Gained mutation: Armour fits poorly on your strangely shaped body. [a shining eye]
 71646 | Slime:5  | Gained mutation: You are dopey. (Int -2) [a shining eye]
 71668 | Slime:5  | Lost mutation: You are dopey. (Int -2) [potion of cure mutation]
 71668 | Slime:5  | Lost mutation: Scrolls take you a little longer to read. [potion of cure mutation]
 71668 | Slime:5  | Lost mutation: You have a pair of small antennae on your head. [potion of cure mutation]
 71668 | Slime:5  | Lost mutation: You are resistant to hostile enchantments. [potion of cure mutation]
 71668 | Slime:5  | Lost mutation: Your body often deteriorates upon taking damage. [potion of cure mutation]
 71668 | Slime:5  | Lost mutation: You possess an exceptional clarity of mind. [potion of cure mutation]
 71669 | Slime:5  | Lost mutation: Your body sometimes deteriorates upon taking damage. [potion of cure mutation]
 71669 | Slime:5  | Lost mutation: You passively map a small area around you. [potion of cure mutation]
 71669 | Slime:5  | Lost mutation: Armour fits poorly on your strangely shaped body. [potion of cure mutation]
 71993 | Slime:5  | Received a gift from Trog
 72060 | Slime:5  | Gained mutation: Your body sometimes deteriorates upon taking damage. [a shining eye]
 72064 | Slime:5  | Gained mutation: Your spells are a little easier to cast, but a little less powerful. [a shining eye]
 72308 | Slime:6  | Entered Level 6 of the Pits of Slime
 72397 | Slime:6  | Noticed the royal jelly
 72847 | Slime:6  | Killed the royal jelly
 72854 | Slime:6  | HP: 6/193 [death ooze[the royal jelly] (4)]
 72856 | Slime:6  | Gained mutation: You are clumsy. (Dex -2) [a shining eye]
 72857 | Slime:6  | Gained mutation: You are dopey. (Int -2) [a shining eye]
 72872 | Slime:5  | Gained mutation: You are very dopey. (Int -4) [a shining eye]
 73848 | Slime:6  | Got a slimy rune of Zot
 73860 | Slime:6  | Identified a +4 rod of inaccuracy (9/9) (You found it on level 6 of the Pits of Slime)
 74336 | D:11     | Lost mutation: You are very dopey. (Int -4) [potion of cure mutation]
 74336 | D:11     | Lost mutation: Your spells are a little easier to cast, but a little less powerful. [potion of cure mutation]
 74336 | D:11     | Lost mutation: You are clumsy. (Dex -2) [potion of cure mutation]
 74336 | D:11     | Lost mutation: You are dopey. (Int -2) [potion of cure mutation]
 74619 | Zot:1    | Entered Level 1 of the Realm of Zot
 75688 | Vaults:1 | You paid a toll of a +2 gold dragon armour to enter a treasure trove
 75689 | Trove    | Entered a treasure trove
 75749 | Trove    | Got a bound platinum ring
 75770 | Trove    | Identified the ring "Huow" {rN+ MR+ Dex+3} (You found it in a treasure trove)
 76433 | Zot:1    | Received a gift from Trog
 76462 | Zot:1    | Reached skill level 26 in Fighting
 77106 | Zot:1    | Got a twitching wooden ring
 77108 | Zot:1    | Identified the ring of Xog Iteo {+Fly rPois rN+++ MP-9 EV+2} (You found it on level 1 of the Realm of Zot)
 77370 | Zot:2    | Received a gift from Trog
 78429 | Zot:2    | Found a snail-covered altar of Cheibriados.
 78565 | Zot:2    | Reached skill level 27 in Fighting
 78591 | Zot:2    | Found a roughly hewn altar of Beogh.
 78767 | Zot:2    | Received a gift from Trog
 78767 | Zot:2    | Reached skill level 27 in Armour
 80134 | Zot:5    | Entered Level 5 of the Realm of Zot
 80490 | Zot:5    | Noticed an ancient lich
 80507 | Zot:5    | Noticed an orb of fire
 80508 | Zot:5    | Noticed an ancient lich
 80518 | Zot:5    | Killed an ancient lich
 80557 | Zot:5    | Noticed an ancient lich
 80566 | Zot:5    | Killed an ancient lich
 80713 | Zot:5    | Noticed an orb of fire
 80725 | Zot:5    | Gained mutation: You expend magic power (3 MP) to strengthen your wands. [an orb of fire]
 80749 | Zot:5    | Killed an orb of fire
 80865 | Zot:5    | Noticed an ancient lich
 80876 | Zot:5    | Killed an ancient lich
 80900 | Zot:5    | Noticed an ancient lich
 80910 | Zot:5    | Killed an ancient lich
 80963 | Zot:5    | Killed an orb of fire
 80963 | Zot:5    | Reached skill level 15 in Evocations
 80997 | Zot:5    | Noticed an orb of fire
 81002 | Zot:5    | Gained mutation: You can spit weak poison. [an orb of fire]
 81021 | Zot:5    | Killed an orb of fire
 81117 | Zot:5    | Noticed an orb of fire
 81125 | Zot:5    | Gained mutation: You have large cloven feet. [an orb of fire]
 81137 | Zot:5    | Killed an orb of fire
 81731 | Zot:5    | Got the Orb of Zot
 81757 | Zot:5    | Gained mutation: You are weak. (Str -2) [a cacodemon]
 81984 | Zot:2    | Received a gift from Trog
 82312 | D:15     | Gained mutation: Your spells are a little easier to cast, but a little less powerful. [a neqoxec]
 82340 | D:14     | Noticed Eficiniw the pandemonium lord
 82578 | D:9      | Noticed Kodilif the pandemonium lord
 82603 | D:9      | Killed Kodilif the pandemonium lord
 82640 | D:9      | Noticed Awub the pandemonium lord
 82665 | D:9      | Killed Awub the pandemonium lord
 82685 | D:9      | Noticed Feecuheeth the pandemonium lord
 82694 | D:9      | Killed Feecuheeth the pandemonium lord
 82984 | D:4      | Gained mutation: You have supernaturally acute eyesight. [a neqoxec]
 83066 | D:$      | Escaped with the Orb!

Vault maps used:
D:1:      dpeg_arrival_tiny_j, minmay_misc_feat_more_columns
D:2:      lemuel_old_faithful
D:3:      minmay_misc_feat_rows
D:4:      gup_sewer_entry_spiral, serial_glass, glass_columns_b,
          glass_columns_a, glass_columns_a, glass_columns_a, glass_columns_c,
          glass_columns_b, kennysheep_boxes, uniq_natasha
D:5:      grunt_temple_overflow_open, first_bread, serial_shops,
          nicolae_shop_waterfront, uniq_sigmund
D:6:      slow_altar_2, nemelex_dance_club_becter
D:7:      minmay_flawed_box, minmay_temple_entry_trees, serial_shops, shop,
          enter_bailey_3
D:8:      kennysheep_little_box, serial_undead, serial_undead_d,
          serial_undead_d, serial_undead_a, serial_undead_c, serial_shops,
          shop_fountains, kennysheep_mini_moat, grunt_pizzeria, uniq_pikel
D:9:      orc_david_3, serial_shops, shop, lemuel_flame_loot_1, uniq_erica
D:10:     basic_altar
D:11:     erik_lair_island, basic_altar, lab_entry_generic
D:12:     basic_altar, serial_shops, nicolae_shop_trees,
          nrook_guardian_serpent_double
D:13:     minmay_five_octagons, erik_vaults_2
D:14:     minmay_tree_intersection
D:15:     grunt_enter_depths_hoard, grunt_dithmenos_smoke_and_mirrors,
          hangedman_abyss_or_decor_passed, uniq_agnes
Temple:   roderic_octagonal_lattice_temple
Lair:1:   wad_woods_06, grunt_megastairs_3
Lair:2:   roderic_carrion_pond, lemuel_fruit_tree, uniq_sonja
Lair:3:   minmay_snake_entry_spellcaster
Lair:4:   shoals_dummy_entry, serial_bayou_pond_c
Lair:5:   kennysheep_snail_temple, grunt_megastairs_2
Lair:6:   minmay_stone_trees_medium
Lair:7:   slime_altar_2, serial_bayou_lake_a, uniq_snorg
Lair:8:   minmay_lair_end_frog_pond
Shoals:3: serial_shops, nicolae_shop_behind_doors
Shoals:4: shoals_end_hangedman, shoals_ilsuiw_alternative
Snake:2:  basic_altar, hangedman_snake_wide_pillar_pass, uniq_wiglaf
Snake:3:  portal_ice_cave_entry_imps, uniq_louise
Snake:4:  snake_pit_salamanders_mu, serial_shops, shop, shop, shop_fountains,
          shop_fountains
Orc:2:    basic_altar, nicolae_orc_flooded_monolith, minmay_orc_temple_a
Orc:3:    nicolae_orc_pool_cavern, uniq_maurice
Orc:4:    st_orc_rangers
Elf:1:    minmay_elf_arrival_summoners, serial_shops, shop, minivault_28,
          spider_trap
Elf:2:    uniq_saint_roka
Elf:3:    minmay_elf_hall_circle, serial_shops, shop, minivault_25, st_stairs_10
Vaults:1: nicolae_vaults_disjoint_gnomons, nicolae_vaults_mini_display_case,
          v_misc_8, nicolae_vaults_alarming, grunt_vaults_funnel,
          nicolae_vaults_little_squares_5, hangedman_vaults_slither,
          vaults_mumra_minichess, nicolae_vaults_little_squares_5,
          ontoclasm_vaults_gateway, enter_trove_1, uniq_nikola, uniq_asterion,
          uniq_aizul
Vaults:2: grunt_vaults_trifunnel, ontoclasm_vaults_gallery,
          nicolae_vaults_ring_of_whatevers, hangedman_vaults_nails,
          dummy_crypt_entry, serial_shops, nicolae_shop_trees, basic_altar,
          uniq_donald, uniq_boris
Vaults:3: vaults_dpeg_hooks, v_misc_25, nicolae_vaults_little_squares_1,
          vaults_room_fours, grunt_vaults_hallway_short,
          nicolae_vaults_what_the_h, v_misc_19, vaults_room_semicircle,
          vaults_standard_mumra_lines, vaults_dpeg_cross, v_alt_pattern_5,
          ontoclasm_vaults_shuriken, vaults_room_fours
Vaults:4: v_pattern_4, v_misc_27, vaults_room_semicircle,
          ontoclasm_vaults_loading_screen, ontoclasm_vaults_ring_square,
          ontoclasm_vaults_pinch, nicolae_vaults_little_squares_3,
          nicolae_vaults_theta, v_misc_1, hangedman_vaults_trim,
          nicolae_vaults_angled_halls, v_misc_5, st_lattice,
          hangedman_vaults_unwind, nicolae_vaults_ring_of_whatevers,
          vaults_room_grid, v_misc_19, serial_glass
Crypt:1:  st_burial_chamber
Crypt:2:  roderic_lattice_octagonal_star, lemuel_elevator, uniq_jorgrun
Crypt:3:  cryptofortress_bobbens, uniq_mennas, uniq_margery
Depths:1: enter_ziggurat_f, minmay_misc_feat_nine_boxes, hell_entry,
          minmay_strange_pillars, hangedman_decor_clover_reticule,
          kennysheep_generic_room_8
Depths:2: hangedman_stitches_corridor, minmay_splitting_lines, hell_entry,
          grunt_ministairs_4, spider_trap
Depths:3: hangedman_pleasuredromes, hell_entry, pan_entry
Depths:4: hangedman_arch_fort, pan_entry, abyss_entry, hell_entry
Depths:5: grunt_zot_entry_alcove, nicolae_twisting_strands,
          pf_hell_entry_great_geh
Zot:1:    minmay_elemental_castle, st_large_dragon_hoard_3
Zot:2:    hangedman_orp_of_zott
Zot:4:    st_stairs_3
Trove:    trove_jewel_1
Sewer:    sewer_frog_island_02
Bailey:   bailey_axe_minmay_hex_keep, bailey
IceCv:    ice_cave_tombish

Action                   |  1- 3 |  4- 6 |  7- 9 | 10-12 | 13-15 | 16-18 | 19-21 | 22-24 | 25-27 || total
-------------------------+-------+-------+-------+-------+-------+-------+-------+-------+-------++-------
Melee: Flail             |   141 |   385 |   596 |   853 |     9 |       |       |       |       ||  1984
       Whip              |       |       |       |   248 |       |       |       |       |       ||   248
       Eveningstar       |       |       |       |       |  1499 |  1815 |  2019 |  2190 |  3471 || 10994
       Demon whip        |       |       |       |       |    30 |       |       |       |    95 ||   125
Invok: Berserk           |       |       |     2 |    13 |     7 |     8 |     2 |     3 |     3 ||    38
       Trog's Hand       |       |       |       |     8 |     6 |     7 |     8 |    15 |    36 ||    80
       Burn Spellbooks   |       |       |       |     3 |     2 |       |     3 |     3 |    12 ||    23
 Abil: Fly               |       |       |       |       |     2 |     1 |       |       |       ||     3
       Stop Flying       |       |       |       |       |     2 |       |       |       |       ||     2
       Evoke Blink       |       |       |       |       |       |       |       |       |    11 ||    11
Evoke: Wand              |       |       |       |     1 |       |       |     2 |     2 |    17 ||    22
       Rod               |       |       |       |       |       |       |       |       |    10 ||    10
  Use: Potion            |       |       |     1 |     2 |     3 |     4 |       |       |     9 ||    19
       Scroll            |       |       |       |    21 |     7 |    15 |    15 |    11 |    22 ||    91
 Stab: Distracted        |       |       |       |       |       |     1 |       |       |       ||     1
       Fleeing           |       |       |       |       |       |       |     2 |       |       ||     2
  Eat: Chunk             |     1 |     2 |    17 |    35 |    38 |    30 |    32 |    38 |    27 ||   220
       Bread ration      |       |     1 |     1 |       |       |       |       |       |       ||     2
       Fruit             |       |       |       |     4 |     8 |     7 |       |     1 |     8 ||    28
       Meat ration       |       |       |       |     1 |       |     3 |     3 |     4 |     6 ||    17
       Beef jerky        |       |       |       |     1 |       |       |     2 |     2 |     5 ||    10
       Royal jelly       |       |       |       |       |       |     2 |       |       |     3 ||     5
       Pizza             |       |       |       |       |       |     1 |       |       |       ||     1
